 Dungeon Crawl Stone Soup version 0.20-a0 (webtiles) character file.

43040 Enthusiasm the Bludgeoner (level 13, 0/119 HPs)
             Began as a Minotaur Berserker on Oct 18, 2016.
             Was an Elder of Trog.
             Slain by a spriggan rider
             ... wielding a +0 spear
              (8 damage)
             ... on level 2 of the Swamp on Oct 28, 2016.
             The game lasted 01:42:07 (26166 turns).

Enthusiasm the Bludgeoner (Minotaur Berserker)     Turns: 26166, Time: 01:42:08

Health: 0/119      AC: 24    Str: 21    XL:     13   Next: 88%
Magic:  20/20      EV:  6    Int:  8    God:    Trog [****..]
Gold:   1498       SH:  0    Dex: 15    Spells: 0 memorised, 12 levels left

rFire  . . .     SeeInvis .     M - +0 morningstar
rCold  . . .     Gourm    .     O - +0 crystal plate armour
rNeg   . . .     Faith    .     (no shield)
rPois  .         Spirit   .     (helmet restricted)
rElec  .         Reflect  .     c - +0 cloak
rCorr  .         Harm     .     (no gloves)
MR     .....                    (no boots)
Stlth  ..........               (no amulet)
                                B - ring of stealth
                                q - +3 ring of dexterity

@: lethally poisoned (0 -> -13), exhausted, slowed, very slow
A: retaliatory headbutt, horns 2
a: Berserk, Trog's Hand, Brothers in Arms, Burn Spellbooks, Renounce Religion


You were on level 2 of the Swamp.
You worshipped Trog.
Trog was greatly pleased with you.
You were very hungry.

You visited 5 branches of the dungeon, and saw 21 of its levels.
You also visited: Labyrinth, Ice Cave and Volcano.

You collected 1498 gold pieces.

Inventory:

Hand Weapons
 M - a +0 morningstar (weapon)
Missiles
 l - 356 stones (quivered)
 n - 2 throwing nets {=f}
 N - 2 javelins of penetration
Armour
 c - a +0 cloak (worn)
 O - a +0 crystal plate armour (worn)
Jewellery
 q - a +3 ring of dexterity (left hand)
 B - a ring of stealth (right hand)
Wands
 g - a wand of iceblast (8/15)
 i - a wand of slowing (9/48)
 C - a wand of flame (31/48)
 K - a wand of disintegration (12/24)
 L - a wand of acid (12/15)
 T - a wand of acid (6/15)
 V - a wand of paralysis (12/24)
 W - a wand of disintegration (11/24)
Scrolls
 d - 10 scrolls of identify
 j - 2 scrolls of recharging
 k - 7 scrolls of teleportation
 o - 2 scrolls of magic mapping
 p - 3 scrolls of remove curse
 u - a scroll of vulnerability {unknown}
 w - a scroll of holy word
 y - 3 scrolls of blinking
 E - 4 scrolls of enchant weapon
 F - a scroll of fear
 H - 2 scrolls of fog
 R - a scroll of torment {unknown}
Potions
 a - 2 potions of brilliance
 e - 4 potions of invisibility
 h - a potion of might
 m - 4 potions of berserk rage
 r - 2 potions of heal wounds
 s - 2 potions of cancellation
 t - 9 potions of agility
 v - a potion of resistance
 z - 5 potions of flight
 A - 2 potions of curing
 I - 3 potions of haste
Books
 D - a book of Misfortune

   Spells                             Type                      Level
   a - Confusing Touch                Hexes                        1
   b - Confuse                        Hexes                        3
   c - Gell's Gravitas                Hexes/Translocation          3
   d - Petrify                        Transmutation/Earth          4
   e - Metabolic Englaciation         Hexes/Ice                    5
   f - Yara's Violent Unravelling     Hexes/Transmutation          5
   Trog disapproves of the use of such an item.
 J - a book of Callings

   Spells                             Type                      Level
   a - Summon Small Mammal            Summoning                    1
   b - Call Imp                       Summoning                    2
   c - Call Canine Familiar           Summoning                    3
   d - Summon Guardian Golem          Hexes/Summoning              3
   e - Summon Lightning Spire         Summoning/Air                4
   f - Summon Ice Beast               Ice/Summoning                4
   Trog disapproves of the use of such an item.
 P - the Guide on Doomed Cold
   (You found it in a labyrinth)

   Spells                             Type                      Level
   a - Freeze                         Ice                          1
   b - Animate Dead                   Necromancy                   4
   c - Agony                          Necromancy                   5
   d - Death Channel                  Necromancy                   6
   Trog disapproves of the use of such an item.
 Q - the Catalogue of Creative Poison
   (You found it in a labyrinth)

   Spells                             Type                      Level
   a - Mephitic Cloud                 Conjuration/Poison/Air       3
   b - Summon Guardian Golem          Hexes/Summoning              3
   c - Spellforged Servitor           Conjuration/Summoning        7
   d - Summon Hydra                   Summoning                    7
   Trog disapproves of the use of such an item.
 S - the Collected Works on Excruciating Enchantment
   (You found it in a labyrinth)

   Spells                             Type                      Level
   a - Flame Tongue                   Conjuration/Fire             1
   b - Confusing Touch                Hexes                        1
   c - Throw Flame                    Conjuration/Fire             2
   d - Tukima's Dance                 Hexes                        3
   e - Lightning Bolt                 Conjuration/Air              5
   f - Poisonous Cloud                Conjuration/Poison/Air       6
   Trog disapproves of the use of such an item.
 X - a book of Misfortune

   Spells                             Type                      Level
   a - Confusing Touch                Hexes                        1
   b - Confuse                        Hexes                        3
   c - Gell's Gravitas                Hexes/Translocation          3
   d - Petrify                        Transmutation/Earth          4
   e - Metabolic Englaciation         Hexes/Ice                    5
   f - Yara's Violent Unravelling     Hexes/Transmutation          5
   Trog disapproves of the use of such an item.
Miscellaneous
 U - a sack of spiders
Comestibles
 b - 7 meat rations
 f - a royal jelly
 x - 2 slices of pizza
 G - 8 beef jerkies
 Y - 7 chunks of flesh


   Skills:
 + Level 12.9 Fighting
 - Level 16.0 Maces & Flails
 + Level 14.1 Armour
 * Level 2.9 Dodging
 - Level 11.0 Evocations


You had 12 spell levels left.
You didn't know any spells.

Dungeon Overview and Level Annotations

Branches:
Dungeon (11/15)            Temple (1/1) D:5            Lair (6/6) D:8
  Swamp (2/4) Lair:4       Spider (0/4) Lair:4          Orc (1/2) D:9
  Slime: Lair:5-6

Altars:
Ashenzari
Cheibriados
Dithmenos
Elyvilon
Fedhas
Gozag
Hepliaklqana
Kikubaaqudgha
Makhleb
Nemelex Xobeh
Okawaru
Qazlal
Ru
Sif Muna
Trog
Uskayaw
Vehumet
Xom
Yredelemnul
Zin
The Shining One
Beogh

Shops:
D:7 ?

Annotations:
Lair:5 exclusion: oklob plant


Innate Abilities, Weirdness & Mutations

You reflexively headbutt those who attack you in melee.
You have a pair of horns on your head.


Message History

You furiously retaliate!
You headbutt the vampire mosquito!
You destroy the vampire mosquito!
Trog accepts your kill.
Your Evocations skill increases to level 11!
The spriggan rider hits you from afar with a spear!
* * * LOW HITPOINT WARNING * * *
You closely miss the vampire mosquito.
Your headbutt misses the vampire mosquito.
You are no longer berserk.
You are exhausted.
You feel as though you will be slow longer.
You feel sick. The vampire mosquito bites you!
* * * LOW HITPOINT WARNING * * *
The vampire mosquito draws strength from your injuries!
The alligator closely misses you. The alligator tail-slaps you.
* * * LOW HITPOINT WARNING * * *
The spriggan rider hits you from afar with a spear.
* * * LOW HITPOINT WARNING * * *
The spriggan rider hits you from afar with a spear!
You die...

♣♣♣♣ ♣.≈≈≈≈≈≈≈≈..≈. ..
♣.≈.♣♣♣.≈≈≈≈≈......♣ ...
♣.≈≈.≈♣..÷≈..≈≈≈>.♣♣
...♣♣.≈≈≈≈........≈≈...♣
≈.≈§≈.≈≈≈≈..≈.......≈.♣
≈..≈.≈≈≈≈..≈≈≈.≈≈≈...♣ ≈
♣♣ii.≈(≈♣.≈≈≈≈≈≈≈.♣♣♣
.≈..♣.y.≈(♣♣§.≈≈≈≈≈§.§♣
..≈≈.≈)@..§♣♣.≈≈≈....≈♣
...≈.♣♣t....♣♣....♣.....
≈≈.§≈≈......♣♣♣♣♣♣♣♣..≈.
≈♣♣≈♣♣♣.≈≈....♣♣♣ ..≈≈ ♣
♣♣≈≈ ♣♣.≈≈....≈♣♣ ≈♣♣≈≈≈
♣≈≈.≈≈.≈≈≈≈♣ .≈≈≈≈
♣♣≈≈≈≈.≈≈≈.♣♣♣ ♣≈≈≈
♣♣≈≈≈≈.....≈≈♣♣ ≈≈≈
♣♣.≈≈≈≈.≈≈♣≈≈≈≈♣


You could see an alligator, 2 spriggan riders and a vampire mosquito.

Vanquished Creatures
  A minotaur (Lab)
  7 hydras
  A hell hog (Volcano)
  An alligator (Swamp:2)
  A spriggan (Swamp:2)
  A fire crab (Volcano)
  2 orc knights (Orc:1)
  A necromancer (IceCv)
  4 elephants
  3 black mambas
  2 ice statues (IceCv)
  10 spiny frogs
  2 komodo dragons
  A rime drake (Lair:2)
  7 ice devils (IceCv)
  A hornet (Swamp:2)
  4 tyrant leeches
  2 slime creatures (Swamp:2)
  4 trolls
  2 bog bodies (Swamp:1)
  22 blink frogs
  6 hippogriffs
  A wyvern (Lair:3)
  10 yaks (Lair:4)
  A basilisk (Lair:2)
  10 vampire mosquitoes
  A steam dragon (Volcano)
  A hungry ghost (D:9)
  9 insubstantial wisps (Swamp:1)
  2 wargs (Orc:1)
  10 swamp worms
  11 water moccasins
  3 hell hounds (Volcano)
  10 porcupines
  3 swamp drakes
  6 orc warriors
  4 sky beasts
  2 phantoms
  An ice beast (D:6)
  3 black bears
  10 ogres
  10 wolves
  A centaur (D:6)
  5 crocodiles
  2 big kobolds (D:9)
  12 bullfrogs
  7 scorpions
  A water moccasin skeleton (D:8)
  3 howler monkeys
  4 wights
  5 electric eels
  A bullfrog zombie (D:8)
  2 centaur zombies
  5 crimson imps
  A draconian simulacrum (IceCv)
  5 hounds
  A jelly (D:10)
  4 orc priests
  2 bullfrog skeletons
  9 orc wizards
  2 centaur skeletons
  5 iguanas
  2 spriggan simulacra (IceCv)
  4 troll simulacra (IceCv)
  10 worker ants
  3 gnolls (D:3)
  11 adders
  A naga simulacrum (IceCv)
  2 ogre simulacra (IceCv)
  2 shadow imps
  An ooze (D:2)
  3 adder zombies
  6 adder skeletons
  2 dart slugs
  A worm (D:2)
  3 leopard geckos
  30 orcs
  2 ball pythons (D:5)
  5 bats
  10 giant cockroaches
  3 goblins
  5 hobgoblins
  4 jackals
  16 kobolds
  3 quokkas
  6 frilled lizards
  A jackal skeleton (D:4)
  2 leopard gecko skeletons
  A quokka skeleton (D:8)
  4 rats
  A plant (Lair:6)
414 creatures vanquished.

Vanquished Creatures (collateral kills)
  A fire dragon (D:9)
  2 hydras
  A hill giant (D:10)
  An orc sorcerer (Orc:1)
  A spiny frog (Lair:1)
  A troll (Orc:1)
  A hippogriff (Lair:1)
  A porcupine (Lair:2)
  3 orc warriors
  2 orc priests (Orc:1)
  2 orcs (Orc:1)
16 creatures vanquished.

Vanquished Creatures (others)
  A human (D:6)
  A kobold (D:9)
  A bush (Lair:6)
  21 fungi
  9 plants
33 creatures vanquished.

Grand Total: 463 creatures vanquished

Notes
Turn   | Place    | Note
-------+----------+-------------------------------------------
     0 | D:1      | Enthusiasm the Minotaur Berserker began the quest for the Orb.
     0 | D:1      | Reached XP level 1. HP: 19/19 MP: 0/0
   515 | D:1      | Reached XP level 2. HP: 27/27 MP: 1/1
   785 | D:1      | Reached skill level 4 in Maces & Flails
   896 | D:2      | Reached XP level 3. HP: 32/33 MP: 2/2
   999 | D:2      | Reached ** piety under Trog
  1218 | D:2      | Reached skill level 5 in Maces & Flails
  1521 | D:3      | Reached XP level 4. HP: 34/40 MP: 3/3
  1744 | D:3      | Reached skill level 6 in Maces & Flails
  1753 | D:3      | Reached XP level 5. HP: 30/46 MP: 4/4
  2014 | D:3      | Upgraded the game from 0.19-a0-1895-g783e625 to 0.19-a0-1920-g83281cb
  2091 | D:3      | Reached *** piety under Trog
  2204 | D:3      | Reached skill level 7 in Maces & Flails
  2848 | D:4      | Found a hazy altar of Hepliaklqana.
  3098 | D:4      | Reached skill level 8 in Maces & Flails
  3098 | D:4      | Reached XP level 6. HP: 52/52 MP: 5/5
  3478 | D:5      | Entered Level 5 of the Dungeon
  3520 | D:5      | Noticed a sky beast
  3535 | D:5      | Killed a sky beast
  3542 | D:5      | Found a staircase to the Ecumenical Temple.
  3556 | D:5      | Reached skill level 9 in Maces & Flails
  3568 | Temple   | Entered the Ecumenical Temple
  3871 | D:5      | Found a burning altar of Makhleb.
  3879 | D:5      | Reached XP level 7. HP: 45/58 MP: 6/6
  4126 | D:5      | Reached skill level 10 in Maces & Flails
  4436 | D:6      | Reached skill level 11 in Maces & Flails
  4598 | D:6      | Reached **** piety under Trog
  4600 | D:6      | Reached XP level 8. HP: 38/66 MP: 7/7
  4826 | D:6      | Found a deep blue altar of Sif Muna.
  4982 | D:6      | Found a glowing golden altar of the Shining One.
  5148 | D:6      | Reached skill level 5 in Armour
  5400 | D:6      | Reached skill level 5 in Fighting
  5463 | D:6      | Upgraded the game from 0.19-a0-1920-g83281cb to 0.19-a0-1922-g1e9a4c1
  5678 | D:6      | Found an ancient bone altar of Kikubaaqudgha.
  5896 | D:7      | Noticed a hippogriff
  5913 | D:7      | Killed a hippogriff
  5913 | D:7      | Reached XP level 9. HP: 75/75 MP: 8/8
  6889 | D:7      | Reached skill level 10 in Armour
  6932 | D:7      | Found Badilecu's Magic Scroll Emporium.
  7361 | D:8      | Found a staircase to the Lair.
  7733 | D:8      | Found a stormy altar of Qazlal.
  8120 | D:9      | Noticed a troll
  8124 | D:9      | Killed a troll
  8124 | D:9      | Reached skill level 12 in Maces & Flails
  8146 | D:9      | Found a basalt altar of Yredelemnul.
  8146 | D:9      | Noticed a fire dragon
  8379 | D:9      | Reached XP level 10. HP: 76/90 MP: 9/9
  8483 | D:9      | Killed a fire dragon
  9040 | D:9      | Reached ***** piety under Trog
  9094 | D:9      | Reached skill level 13 in Maces & Flails
  9615 | D:9      | Found a staircase to the Orcish Mines.
  9941 | D:10     | Entered Level 10 of the Dungeon
 10236 | D:10     | Reached skill level 10 in Fighting
 10399 | D:10     | Noticed a hill giant
 10404 | D:10     | Killed a hill giant
 10429 | D:10     | Reached skill level 14 in Maces & Flails
 10902 | D:11     | Noticed a green ugly thing
 10977 | Lair:1   | Entered Level 1 of the Lair of Beasts
 11280 | Lair:1   | Noticed a spiny frog
 11284 | Lair:1   | Killed a spiny frog
 11284 | Lair:1   | Reached XP level 11. HP: 101/101 MP: 10/10
 12470 | Lair:2   | Noticed a six-headed hydra
 12490 | Lair:2   | Killed a six-headed hydra
 13555 | Lair:3   | Found a frozen archway.
 13565 | IceCv    | Entered an ice cave
 14257 | IceCv    | Noticed a necromancer
 14267 | IceCv    | Killed a necromancer
 15663 | Lair:3   | Reached XP level 12. HP: 107/113 MP: 11/11
 15683 | Lair:3   | Upgraded the game from 0.19-a0-1922-g1e9a4c1 to 0.19-a0-1932-g59670f6
 16969 | Lair:4   | Found a hole to the Spider Nest.
 18035 | Lair:4   | Reached skill level 15 in Maces & Flails
 18444 | Lair:4   | Found a staircase to the Swamp.
 18942 | Lair:4   | Noticed a four-headed hydra
 18949 | Lair:4   | Killed a four-headed hydra
 19166 | Lair:5   | Found a labyrinth entrance.
 19176 | Lab      | Entered a labyrinth
 19490 | Lab      | Noticed a minotaur
 19499 | Lab      | Killed a minotaur
 19504 | Lab      | Identified the Guide on Doomed Cold
 19504 | Lab      | Identified the Catalogue of Creative Poison
 19504 | Lab      | Identified the Collected Works on Excruciating Enchantment
 19662 | Lair:5   | Got a brightly glowing battleaxe
 20020 | Lair:6   | Entered Level 6 of the Lair of Beasts
 20073 | Lair:5   | Reached skill level 16 in Maces & Flails
 20075 | Lair:5   | Reached skill level 1 in Evocations
 20383 | Lair:6   | Noticed a six-headed hydra
 20521 | Lair:5   | Noticed a seven-headed hydra
 20528 | Lair:5   | Killed a seven-headed hydra
 20671 | Lair:6   | Killed a six-headed hydra
 20853 | Lair:6   | Noticed a four-headed hydra
 20860 | Lair:6   | Killed a four-headed hydra
 20860 | Lair:6   | Reached skill level 5 in Evocations
 20871 | Lair:5   | Noticed a death yak
 20871 | Lair:5   | Noticed a death yak
 20871 | Lair:5   | Noticed a death yak
 20871 | Lair:5   | Noticed a death yak
 20871 | Lair:5   | Noticed a death yak
 20872 | Lair:5   | Noticed a death yak
 21030 | Lair:4   | Reached XP level 13. HP: 56/119 MP: 15/15
 21479 | Lair:6   | Upgraded the game from 0.19-a0-1932-g59670f6 to 0.19-a0-1937-g70ed36a
 21892 | Orc:1    | Entered Level 1 of the Orcish Mines
 22408 | Orc:1    | Found a dark tunnel.
 22413 | Volcano  | Entered a volcano
 23038 | Orc:1    | Found a roughly hewn altar of Beogh.
 23497 | Swamp:1  | Entered Level 1 of the Swamp
 23792 | Swamp:1  | Upgraded the game from 0.19-a0-1937-g70ed36a to 0.20-a0
 24877 | Swamp:1  | Reached skill level 10 in Evocations
 25959 | Swamp:2  | Noticed a thorn hunter
 26166 | Swamp:2  | Slain by a spriggan rider

Vault maps used:
D:1:      tarquinn_simple_flora_water_d
D:2:      kennysheep_generic_room_2
D:3:      first_bread, grunt_ministairs_2
D:4:      lemuel_coloured_pillars_altar, kennysheep_generic_room_4
D:5:      old_standard_altar
D:6:      tgw_sif, kennysheep_little_box, tgw_kikubaaqudgha
D:7:      minmay_opposing_rooms, serial_shops, shop_scrolls
D:8:      lair_0_dummy, grunt_ogre_cave, grunt_qazlal_clouds
D:9:      yredelemnul_altar_generic, erik_orc_2, minmay_misc_feat_x
D:11:     basic_altar, grunt_decor_arrowhead, uniq_gastronok, uniq_nergalle
Temple:   eino_temple_rhombus
Lair:1:   grunt_megastairs_1, infiniplex_staircase_pool_2
Lair:2:   guppyfry_lair_drakes, grunt_megastairs_5
Lair:3:   portal_ice_cave_entry_pillars_1, serial_bayou_pond_a
Lair:4:   nicolae_swamp_entry_splash_gauntlet, spider_nest_entry_web_field,
          beast_lair_carwin_11
Lair:5:   lab_entry_generic, minmay_lair_oklob_bushes, serial_bayou_shore_b,
          infiniplex_staircase_pool
Lair:6:   evilmike_catoblepas_cave, slime_altar_1, minmay_another_anthill
Swamp:1:  serial_swamp_ruin, evilmike_swamp_ruin_house_5,
          evilmike_swamp_ruin_rubble_2, evilmike_swamp_ruin_house_6
Swamp:2:  evilmike_swamp_ruin_house_1, swamp_pool4, cheibrodos_swamp_slimy
Orc:1:    enter_volcano_4, lemuel_statue_altar
Lab:      labyrinth_hidden_loot
IceCv:    ice_cave_tombish
Volcano:  volcano_pools

Skill      XL: |  1  2  3  4  5  6  7  8  9 10 11 12 13 |
---------------+----------------------------------------+-----
Maces & Flails | 4 5 6 8 9 11 12 14 16 | 16.0
Armour         | 8 10 13 14 | 14.1
Fighting       | 6 8 10 12 | 12.9
Evocations     | 5 11 | 11.0
Dodging        | |  2.9

Action                   |  1- 3 |  4- 6 |  7- 9 | 10-12 | 13-15 || total
-------------------------+-------+-------+-------+-------+-------++-------
Melee: Mace              |    72 |       |       |       |       ||    72
       Headbutt          |    11 |    20 |    55 |   206 |    91 ||   383
       Flail             |       |   106 |   231 |   562 |       ||   899
       Morningstar       |       |       |       |   176 |   369 ||   545
Throw: Stone             |    30 |   103 |   137 |   230 |   104 ||   604
       Throwing net      |     2 |       |       |       |       ||     2
Invok: Berserk           |     2 |     1 |     8 |    30 |    14 ||    55
       Trog's Hand       |       |       |     4 |     5 |     3 ||    12
       Brothers in Arms  |       |       |       |     8 |     2 ||    10
Evoke: Wand              |       |     1 |       |     3 |     2 ||     6
  Use: Scroll            |       |     8 |     8 |    15 |     1 ||    32
       Potion            |       |     1 |     1 |     3 |       ||     5
 Stab: Held in net/web   |     1 |       |       |       |       ||     1
       Paralysed         |       |       |       |     2 |       ||     2
  Eat: Chunk             |     2 |    10 |    12 |    37 |    10 ||    71
       Bread ration      |       |       |     3 |     7 |     2 ||    12
       Royal jelly       |       |       |       |     1 |       ||     1
       Fruit             |       |       |       |       |     3 ||     3
       Pizza             |       |       |       |       |     2 ||     2
       Meat ration       |       |       |       |       |     1 ||     1
       Beef jerky        |       |       |       |       |     1 ||     1
Armor: Animal skin       |     2 |       |       |       |       ||     2
       Plate armour      |    53 |    45 |    73 |   295 |    23 ||   489
       Scale mail        |     1 |       |       |       |       ||     1
       Ring mail         |       |     5 |    15 |       |       ||    20
       Crystal plate arm |       |       |       |       |   192 ||   192
Dodge: Dodged            |    25 |    40 |    84 |   218 |   103 ||   470
